 Dungeon Crawl Stone Soup version 0.29.1-12-g30fa7ad0bf (webtiles) character file.

Game seed: 8817000522208942307

485 croobank the Insei (level 7, -12/52 HPs)
             Began as a Gnoll Transmuter on Dec 16, 2022.
             Mangled by an ogre
             ... wielding a +0 giant club
              (25 damage)
             ... on level 5 of the Dungeon.
             The game lasted 00:09:52 (5071 turns).

croobank the Insei (Gnoll Transmuter)               Turns: 5071, Time: 00:09:52

Health: -12/52     AC:  3    Str:  9    XL:     7   Next: 13%
Magic:  0/15       EV: 13    Int: 15    God:
Gold:   319        SH:  0    Dex: 12    Spells: 11/17 levels left

rFire   . . .      SeeInvis .   t - +0 hand axe of Xom's Righteous Fury {vorpal, rPois Will+}
rCold   . . .      Faith    .   (no shield)
rNeg    . . .      Spirit   +   a - +0 robe
rPois   +          Reflect  .   (helmet currently unavailable)
rElec   .          Harm     .   (no cloak)
rCorr   .          Rampage  .   n - +0 pair of gloves
Will    +....                   (boots currently unavailable)
Stlth   ++........              m - amulet of Existentialism {Spirit Fly}
HPRegen 0.17/turn               (no ring)
MPRegen 0.14/turn               (no ring)

@: appendages (expiring), wereblooded, flying
A: horns 2, talons 2, fangs 1, strong nose, distributed training
a: End Transformation


You were on level 5 of the Dungeon.
You had temporarily grown beastly horns and talons.
You visited 1 branch of the dungeon, and saw 5 of its levels.

You collected 319 gold pieces.

Inventory:

Hand Weapons
 f - a +0 short sword
 j - a +0 dagger of flaming
 t - the +0 hand axe of Xom's Righteous Fury (weapon) {vorpal, rPois Will+}
   (You found it on level 3 of the Dungeon)

   It inflicts extra damage upon your enemies.
   rPois:     It protects you from poison.
   Will:      It increases your willpower.
 y - a +0 war axe
Missiles
 e - 8 javelins
 k - a throwing net
Armour
 a - a +0 robe (worn)
 n - a +0 pair of gloves (worn)
 r - a +0 pair of boots (melded)
 B - a +0 buckler
Jewellery
 g - a ring of fire
 m - the amulet of Existentialism (around neck) {Spirit Fly}
   (You found it on level 5 of the Dungeon)

   [amulet of guardian spirit]

   It causes incoming damage to be divided between your reserves of health and
   magic.
   Fly:       It grants you flight.
Scrolls
 h - 4 scrolls of identify
 w - a scroll of amnesia
 x - 2 scrolls of teleportation
Potions
 b - 3 potions of lignification
 c - 2 potions of degeneration
 d - 4 potions of might
 i - a potion of berserk rage
 l - a potion of mutation
 o - a potion of brilliance
 p - a potion of flight
 q - a potion of invisibility
 s - a potion of curing
 u - 4 potions of heal wounds {unknown}
 v - a potion of cancellation {unknown}
 z - 3 potions of attraction {unknown}


   Skills:
 + Level 3.5 Fighting
 + Level 2.3 Short Blades
 + Level 2.3 Long Blades
 + Level 2.3 Axes
 + Level 2.3 Maces & Flails
 + Level 2.3 Polearms
 + Level 2.3 Staves
 + Level 2.3 Ranged Weapons
 + Level 2.3 Throwing
 + Level 2.3 Armour
 + Level 5.2 Dodging
 + Level 2.3 Stealth
 + Level 2.3 Shields
 + Level 7.0 Unarmed Combat
 + Level 5.5 Spellcasting
 + Level 1.9 Conjurations
 + Level 1.9 Hexes
 + Level 1.9 Summonings
 + Level 1.9 Necromancy
 + Level 1.9 Translocations
 + Level 4.3 Transmutations
 + Level 1.9 Fire Magic
 + Level 1.9 Ice Magic
 + Level 1.9 Air Magic
 + Level 1.9 Earth Magic
 + Level 1.9 Poison Magic
 + Level 2.6 Invocations
 + Level 2.3 Evocations


You had 11 spell levels left.
You knew the following spells:

 Your Spells              Type           Power      Damage    Failure   Level
a - Beastly Appendage     Tmut           34%        N/A       2%          1
b - Wereblood             Tmut           17%        N/A       4%          2
c - Spider Form           Tmut/Pois      13%        N/A       13%         3

Your spell library contained the following spells:

 Spells                   Type           Power      Damage    Failure   Level
 Freeze                   Ice            40%        1d6       7%          1
 Slow                     Hex            40%        N/A       7%          1
 Confusing Touch          Hex            10%        N/A       21%         3
 Frozen Ramparts          Ice            20%        1d4       21%         3
 Summon Guardian Golem    Hex/Summ       10%        N/A       21%         3
 Vampiric Draining        Necr           10%        2d6       21%         3
 Ice Form                 Ice/Tmut       13%        N/A       38%         4
 Hailstorm                Conj/Ice       10%        3d5       56%         4
 Orb of Destruction       Conj           5%         9d5       100%        7
 Spellforged Servitor     Conj/Summ      5%         N/A       100%        7


Dungeon Overview and Level Annotations

Branches:
Dungeon (5/15)
 Temple: D:4-7

Altars:
Ashenzari
Wu Jian

Shops:
D:2 (


Innate Abilities, Weirdness & Mutations

You have temporarily grown beastly horns and talons.
You have very sharp teeth.
Your uncanny sense of smell can sniff out nearby items.
Your experience applies equally to all skills.


Message History

Your +0 pair of boots unmelds from your body.
v - a murky red potion
u - 3 smoky yellow potions (gained 1)
u - 4 smoky yellow potions (gained 1)
Found a stone staircase leading down.
w - a scroll of amnesia You now have 319 gold pieces (gained 11).
h - 4 scrolls of identify (gained 1)
There is a stone staircase leading down here.
There is a stone staircase leading down here.
An ogre comes into view. It is wielding a +0 giant club.
Found a stone staircase leading up.
Casting: Beastly Appendage (safe; 2% risk of failure)
Confirm with . or Enter, or press ? or * to list all spells.
You grow a pair of large bovine horns.
Your feet morph into talons.
Your +0 pair of boots melds into your body.
Casting: Beastly Appendage (safe; 2% risk of failure)
Confirm with . or Enter, or press ? or * to list all spells.
Your blood is infused with primal strength.
Found 14 gold pieces.
There is a stone staircase leading up here.
Your transformation is almost over.
The ogre shouts!
The ogre hits you with a +0 giant club!!
You hit the ogre but do no damage. You claw the ogre.
The ogre is lightly wounded.
The ogre closely misses you.
You hit the ogre. You claw the ogre.
The ogre is moderately wounded.
You hit the ogre. You claw the ogre. You bite the ogre, but do no damage.
The ogre is heavily wounded.
The ogre hits you with a +0 giant club!!
* * * LOW HITPOINT WARNING * * *
You hit the ogre. You headbutt the ogre. You punch the ogre.
The ogre is severely wounded.
The ogre closely misses you.
You hit the ogre. You headbutt the ogre.
The ogre is almost dead.
The ogre hits you with a +0 giant club!!
You die...

####.#####.# #.
......###.######
.##.#.#..(...# #
.........##..# # #.
.#.##.#......# # ##.##.
..∆#...#.#### . ..##.#
#......... #.#O## #
#.....#### #.#@##$#
###.### # #......# #...#
# ###<#### #...# # #.#
#...# # #.##### #...#
.......#....# #...# ##
###.##..#.#.####...####.
#..#..............#
##..#...............


You could see an ogre.

Vanquished Creatures
  2 scorpions (D:4)
  3 hounds
  4 iguanas
  3 gnolls (D:4)
  7 adders
  A worm (D:3)
  2 dart slugs
  An orc (D:3)
  2 bats
  8 endoplasms
  2 giant cockroaches
  10 goblins
  7 hobgoblins
  8 jackals
  5 kobolds
  4 quokkas
  7 ball pythons
  5 frilled lizards
  5 rats
86 creatures vanquished.

Notes
Turn   | Place    | Note
-------+----------+-------------------------------------------
     0 | D:1      | croobank the Gnoll Transmuter began the quest for the Orb.
     0 | D:1      | Reached XP level 1. HP: 17/17 MP: 6/6
   391 | D:1      | Reached XP level 2. HP: 23/23 MP: 5/7
   446 | D:1      | Learned a level 2 spell: Wereblood
   714 | D:1      | Reached skill level 5 in Spellcasting
   714 | D:1      | Reached XP level 3. HP: 28/28 MP: 4/9
  1107 | D:2      | Found a faded altar of an unknown god.
  1107 | D:2      | Found Lough's Weapon Shoppe.
  1460 | D:2      | Reached skill level 1 in Invocations
  1472 | D:2      | Found an ornate altar of the Wu Jian Council.
  1645 | D:2      | Reached skill level 1 in Short Blades
  1645 | D:2      | Reached skill level 1 in Long Blades
  1645 | D:2      | Reached skill level 1 in Axes
  1645 | D:2      | Reached skill level 1 in Maces & Flails
  1645 | D:2      | Reached skill level 1 in Polearms
  1645 | D:2      | Reached skill level 1 in Staves
  1645 | D:2      | Reached skill level 1 in Ranged Weapons
  1645 | D:2      | Reached skill level 1 in Throwing
  1645 | D:2      | Reached skill level 1 in Armour
  1645 | D:2      | Reached skill level 1 in Stealth
  1645 | D:2      | Reached skill level 1 in Shields
  1645 | D:2      | Reached skill level 1 in Evocations
  1783 | D:2      | Reached XP level 4. HP: 25/34 MP: 8/11
  2400 | D:3      | Reached skill level 1 in Conjurations
  2400 | D:3      | Reached skill level 1 in Hexes
  2400 | D:3      | Reached skill level 1 in Summonings
  2400 | D:3      | Reached skill level 1 in Necromancy
  2400 | D:3      | Reached skill level 1 in Translocations
  2400 | D:3      | Reached skill level 1 in Fire Magic
  2400 | D:3      | Reached skill level 1 in Ice Magic
  2400 | D:3      | Reached skill level 1 in Air Magic
  2400 | D:3      | Reached skill level 1 in Earth Magic
  2400 | D:3      | Reached skill level 1 in Poison Magic
  2636 | D:3      | Found a broken altar of Ashenzari.
  2701 | D:3      | Identified the +0 hand axe of Xom's Righteous Fury {vorpal,
                  | rPois Will+}
  2878 | D:3      | Reached XP level 5. HP: 39/40 MP: 9/12
  3173 | D:4      | Reached XP level 6. HP: 41/47 MP: 13/13
  3242 | D:4      | Reached skill level 5 in Dodging
  4313 | D:4      | Reached XP level 7. HP: 30/52 MP: 12/15
  4623 | D:4      | Learned a level 3 spell: Spider Form
  4656 | D:5      | Entered Level 5 of the Dungeon
  4669 | D:5      | Reached skill level 7 in Unarmed Combat
  4771 | D:5      | Identified the amulet of Existentialism {Spirit Fly}
  5071 | D:5      | Mangled by an ogre

Illustrated notes

Levels and vault maps discovered:
D:1:      dpeg_arrival_arbitrary_a, layout_loops_ring, serial_rivers,
          chequers_serial_rivers_marsh, chequers_serial_rivers_marsh,
          chequers_serial_rivers_large_a, chequers_serial_rivers_micro_c,
          chequers_serial_rivers_room_b, minmay_tromino_v4_a
D:2:      layout_loops_ring, serial_shops, shop, basic_ecumenical_altar,
          basic_altar, kennysheep_decorative_pillar, minmay_misc_feat_room,
          mrwooster_statue_mirror
D:3:      layout_rooms, ashenzari_conservatory_becter, minmay_unequal
D:4:      layout_rooms, minmay_quantized
D:5:      layout_loops_cross, cheibriados_altar_1, kennysheep_dice

Skill      XL: |  1  2  3  4  5  6  7 |
---------------+----------------------+-----
Spellcasting   | 5 |  5.5
Invocations    | 1 2 |  2.6
Short Blades   | 1 2 |  2.3
Long Blades    | 1 2 |  2.3
Axes           | 1 2 |  2.3
Maces & Flails | 1 2 |  2.3
Polearms       | 1 2 |  2.3
Staves         | 1 2 |  2.3
Ranged Weapons | 1 2 |  2.3
Throwing       | 1 2 |  2.3
Armour         | 1 2 |  2.3
Stealth        | 1 2 |  2.3
Shields        | 1 2 |  2.3
Evocations     | 1 2 |  2.3
Conjurations   | 1 |  1.9
Hexes          | 1 |  1.9
Summonings     | 1 |  1.9
Necromancy     | 1 |  1.9
Translocations | 1 |  1.9
Fire Magic     | 1 |  1.9
Ice Magic      | 1 |  1.9
Air Magic      | 1 |  1.9
Earth Magic    | 1 |  1.9
Poison Magic   | 1 |  1.9
Fighting       | 3 |  3.5
Transmutations | 4 |  4.3
Dodging        | 5 |  5.2
Unarmed Combat | 7 |  7.0

Action                   |  1- 3 |  4- 6 |  7- 9 || total
-------------------------+-------+-------+-------++-------
Melee: Unarmed           |    69 |    27 |       ||    96
       Kick              |    13 |    33 |     6 ||    52
       Headbutt          |     8 |    12 |     4 ||    24
       Punch             |     3 |     4 |     1 ||     8
       Bite              |     1 |     9 |     3 ||    13
       Hand axe          |       |    96 |    19 ||   115
 Cast: Beastly Appendage |    19 |    16 |     4 ||    39
       Wereblood         |    12 |    17 |     4 ||    33
  Use: Scroll            |       |    14 |     1 ||    15
       Potion            |       |     1 |       ||     1
 Stab: Sleeping          |     1 |     2 |       ||     3
Armor: Robe              |    11 |    22 |     4 ||    37
       Skin              |       |     2 |       ||     2
Dodge: Dodged            |    38 |    97 |    10 ||   145
